 Dungeon Crawl Stone Soup version 0.31-a0-731-ga75f04deac (webtiles) character file.

Game seed: 3481544902252728994

961 Ijustatesigmund the Magician (level 7, -2/40 HPs)
             Began as a Deep Elf Fire Elementalist on Sept 12, 2023.
             Slain by an ogre
             ... wielding a +0 giant club
              (17 damage)
             ... on level 5 of the Dungeon.
             The game lasted 00:10:43 (6887 turns).

Ijustatesigmund the Magician (DEFE)                 Turns: 6887, Time: 00:10:43

Health: -2/40      AC:  6    Str:  5    XL:     7   Next: 92%
Magic:  13/19      EV: 13    Int: 22    God:
Gold:   249        SH:  0    Dex: 15    Spells: 13/20 levels left

rFire   . . .        g - +0 short sword (protect)
rCold   . . .        (no shield)
rNeg    + . .        a - +0 animal skin
rPois   .            l - +1 helmet
rElec   .            (no cloak)
rCorr   .            c - +1 pair of gloves
SInv    .            (no boots)
Will    .....        (no amulet)
Stlth   ++           k - ring of positive energy
HPRegen 0.26/turn    (no ring)
MPRegen 0.16/turn

%: no passive effects
@: no status effects
A: no striking features
a: no special abilities


You were on level 5 of the Dungeon.
You visited 1 branch of the dungeon, and saw 5 of its levels.
You also visited: Sewer.

You collected 249 gold pieces.

Inventory:

Hand Weapons
 g - a +0 short sword of protection (weapon)
Armour
 a - a +0 animal skin (worn)
 c - a +1 pair of gloves (worn)
 l - a +1 helmet (worn)
Jewellery
 i - a ring of ice
 k - a ring of positive energy (left hand)
Wands
 m - a wand of flame (21)
Scrolls
 d - 8 scrolls of identify
 f - 2 scrolls of brand weapon
 o - 4 scrolls of teleportation
 s - a scroll of blinking
Potions
 b - a potion of magic
 e - a potion of might
 h - a potion of heal wounds
 j - 5 potions of enlightenment
 p - a potion of mutation
 q - a potion of invisibility {unknown}


   Skills:
 + Level 2.0 Fighting
 + Level 3.2 Dodging
 - Level 2.4 Stealth
 + Level 7.1 Spellcasting
 + Level 5.2 Conjurations
 + Level 6.2 Fire Magic


You had 13 spell levels left.
You knew the following spells:

 Your Spells              Type           Power      Damage    Failure   Level
a - Foxfire               Conj/Fire      100%       2x1d9     1%          1
b - Scorch                Fire           70%        2d7       1%          2
c - Flame Wave            Conj/Fire      33%        2d10      8%          4

Your spell library contained the following spells:

 Spells                   Type           Power      Damage    Failure   Level
 Inner Flame              Hex/Fire       21%        N/A       7%          3
 Volatile Blastmotes      Fire/Tloc      42%        2d13      7%          3
 Slow                     Hex            28%        N/A       9%          1
 Confusing Touch          Hex            7%         N/A       24%         3
 Sigil of Binding         Hex            7%         N/A       24%         3
 Vampiric Draining        Necr           7%         2d6       24%         3


Dungeon Overview and Level Annotations

Branches:
Dungeon (5/15)              Sewer (visited)
 Temple: D:4-7

Altars:

Shops:
D:4 =


Message History

The adder is moderately wounded.
The adder barely misses you. The adder bites you but does no damage.
You hit the adder.
The adder is heavily wounded.
The adder bites you but does no damage.
You hit the adder.
The adder is almost dead.
The adder bites you but does no damage.
You hit the adder.
You kill the adder!
Found a stone staircase leading down.
d - 7 scrolls of identify (gained 2)
d - 8 scrolls of identify (gained 1)
Found a long sword.
You see here a +0 long sword.
Found a plate armour.
You see here a +0 plate armour.
An ogre comes into view. It is wielding a +0 giant club.
The ogre shouts!
Casting: Scorch (safe; 1% risk of failure)
Confirm with . or Enter, or press ? or * to list all spells.
You conjure some foxfire!
Casting: Foxfire (safe; 1% risk of failure)
Confirm with . or Enter, or press ? or * to list all spells.
Flames lash the ogre.
The ogre is heavily wounded.
The ogre's fire resistance burns away.
The ogre barely misses you.
Casting: Scorch (safe; 1% risk of failure)
Confirm with . or Enter, or press ? or * to list all spells.
Flames lash the ogre.
The ogre is burned terribly!
The ogre is severely wounded.
The ogre hits you with a +0 giant club!!
Ouch! That really hurt!
Casting: Scorch (safe; 1% risk of failure)
Confirm with . or Enter, or press ? or * to list all spells.
Flames lash the ogre.
The ogre is burned terribly!
The ogre is severely wounded.
The ogre hits you with a +0 giant club!
You die...

.##.####..## *,* #.##.#
.##.####..## *,* #.##.#
###.....<.## #,* #.##.#
..........## #.* #.##.#
***,,***,** #.* #.##.#
*,,* *,#####.#* #.##.#
*,,***,.......* #.##.#
*,,,,,,......O#######.##.#
**,******#....@v.......#.#
*,* #.##.#.######.#.#
*,*******,*#.#.# #.#.#
*,*,,,,,,,*#.#.# ###.#.# #
*,*,*******#.#.# #.ยง...#
####.#,* #.#.#* #.#.###
.....#,** #....* #.#.#
######,,* ###..* #...# #
**,* #..* #..##


You could see an ogre (combustible, ally target).

Vanquished Creatures
  A black bear (D:5)
  A phantom (D:4)
  2 scorpions
  3 hounds
  A jelly (D:5)
  2 orc priests
  A sleepcap (D:5)
  2 iguanas (D:4)
  4 orc wizards
  Robin (D:3)
  11 adders
  6 river rats
  An ufetubus (D:3)
  6 worms
  2 dart slugs (D:3)
  21 orcs
  9 endoplasms
  5 giant cockroaches
  10 goblins
  5 hobgoblins
  2 jackals (Sewer)
  4 kobolds
  9 quokkas
  6 ball pythons
  12 bats
  8 frilled lizards
  6 rats
141 creatures vanquished.

Vanquished Creatures (others)
  216 foxfires
216 creatures vanquished.

Grand Total: 357 creatures vanquished

Notes
Turn   | Place    | Note
-------+----------+-------------------------------------------
     0 | D:1      | Ijustatesigmund the Deep Elf Fire Elementalist began the
                  | quest for the Orb.
     0 | D:1      | Reached XP level 1. HP: 10/10 MP: 6/6
   289 | D:1      | Reached XP level 2. HP: 16/16 MP: 5/8
   292 | D:1      | Learned a level 2 spell: Scorch
  1783 | D:2      | Reached XP level 3. HP: 20/20 MP: 3/10
  2194 | D:3      | Reached skill level 1 in Fighting
  2240 | D:3      | Noticed Robin
  2272 | D:3      | Killed Robin
  2524 | D:3      | Reached skill level 4 in Spellcasting
  2524 | D:3      | Reached XP level 4. HP: 25/25 MP: 7/12
  2730 | D:3      | Learned a level 4 spell: Flame Wave
  3491 | D:4      | Found Cilizig's Jewellery Shop.
  3503 | D:4      | Reached XP level 5. HP: 29/29 MP: 9/13
  3705 | D:4      | Reached skill level 5 in Spellcasting
  3868 | D:4      | Reached XP level 6. HP: 34/34 MP: 9/15
  4185 | D:4      | Reached skill level 5 in Fire Magic
  4771 | D:5      | Entered Level 5 of the Dungeon
  4779 | D:5      | Reached skill level 6 in Spellcasting
  4819 | D:5      | Reached XP level 7. HP: 32/38 MP: 3/18
  4924 | D:5      | Found a glowing drain.
  4928 | Sewer    | Entered a sewer
  6383 | D:5      | Reached skill level 5 in Conjurations
  6563 | D:5      | Reached skill level 7 in Spellcasting
  6887 | D:5      | Slain by an ogre

Illustrated notes

Levels and vault maps discovered:
D:1:      shiori_angband_town, layout_basic, minmay_misc_feat_ornament,
          grunt_decor_fettered, chequers_jeans
D:2:      layout_loops_ring
D:3:      layout_loops_ring, uniq_robin
D:4:      layout_basic, serial_shops, shop_statue
D:5:      layout_loops_ring, gup_sewer_entry_spiral

Skill      XL: |  1  2  3  4  5  6  7 |
---------------+----------------------+-----
Fighting       | 1 2 |  2.0
Conjurations   | 2 3 4 5 |  5.2
Spellcasting   | 4 5 6 7 |  7.1
Fire Magic     | 4 5 6 |  6.2
Dodging        | 3 |  3.2
Stealth        | |  2.4

Action                     |  1- 3 |  4- 6 |  7- 9 || total
---------------------------+-------+-------+-------++-------
  Melee: Dagger            |     1 |     3 |       ||     4
         Short sword       |       |       |    10 ||    10
   Cast: Foxfire           |    38 |    38 |    49 ||   125
         Scorch            |    21 |    55 |    29 ||   105
         Flame Wave        |       |       |     3 ||     3
  Evoke: Wand              |       |       |     2 ||     2
    Use: Scroll            |       |     8 |     3 ||    11
         Potion            |       |       |     2 ||     2
   Stab: Sleeping          |       |       |     1 ||     1
 Armour: Robe              |     7 |       |       ||     7
         Animal skin       |       |    18 |    36 ||    54
  Dodge: Dodged            |     4 |    19 |    35 ||    58

Table legend: (Time is in decaauts)
 A = Elapsed time spent in this place.
 B = Non-inter-level travel time spent in this place.
 C = Inter-level travel time spent in this place.
 D = Time resting spent in this place.
 E = Time spent auto-exploring this place.
 F = Levels seen in this place.
 G = Mean time per level.
                   A        B        C        D        E       F      G
               +--------+--------+--------+--------+--------+-----+--------+
         Total |   7093 |   6971 |    122 |   1159 |   4871 |   6 | 1182.2 |
       Dungeon |   5603 |   5481 |    122 |    512 |   4216 |   5 | 1120.6 |
         Sewer |   1489 |   1489 |      0 |    647 |    654 |   1 | 1489.0 |
               +--------+--------+--------+--------+--------+-----+--------+

Top non-repeatable levels by time:
   Sewer: 1489 daAuts
     D:4: 1345 daAuts
     D:3: 1212 daAuts
     D:1: 1186 daAuts
     D:2: 1025 daAuts
     D:5: 834 daAuts
